 Dungeon Crawl Stone Soup version 0.22-a0-224-g8cf3520 (webtiles) character file.

1251 RoseArtemis the Skirmisher (level 8, -1/111 HPs)
             Began as a Troll Monk on Feb 19, 2018.
             Was a Priest of Hepliaklqana.
             Slain by a bullfrog zombie (4 damage)
             ... on level 7 of the Dungeon.
             The game lasted 00:27:15 (5053 turns).

RoseArtemis the Skirmisher (Troll Monk)             Turns: 5053, Time: 00:27:16

Health: -1/111     AC:  5    Str: 26    XL:     8   Next: 26%
Magic:  7/7        EV: 12    Int:  6    God:    Hepliaklqana [***...]
Gold:   23         SH:  0    Dex: 15    Spells: 7/7 levels left

rFire    . . .     SeeInvis +   y - +1 whip of Distraction {slash, rC++}
rCold    + + .     Gourm    +   (no shield)
rNeg     . . .     Faith    .   a - +0 robe
rPois    .         Spirit   .   (helmet restricted)
rElec    .         Reflect  .   (no cloak)
rCorr    .         Harm     .   (gloves unavailable)
MR       +....                  (boots unavailable)
Stlth    ..........             (no amulet)
HPRegen  0.68/turn              E - ring of Xeqips {MR+ Dex+2 SInv}
MPRegen  0.10/turn              (no ring)

@: berserking (expiring), drained, very quick
A: large, unfitting armour, reduced essence, claws 3, fast metabolism 3,
gourmand, regeneration 1, shaggy fur 1, tough skin 2
a: Recall Ancestor, Ancestor Identity, Transference, Renounce Religion


You were on level 7 of the Dungeon.
You worshipped Hepliaklqana.
Hepliaklqana was most pleased with you.
You were not hungry.

You visited 2 branches of the dungeon, and saw 8 of its levels.

You collected 456 gold pieces.
You spent 433 gold pieces at shops.

Inventory:

Hand Weapons
 y - the +1 whip of Distraction (weapon) {slash, rC++}
   (You found it on level 5 of the Dungeon)

   It inflicts extra damage upon your enemies.
   It greatly protects you from cold.
Armour
 a - a +0 robe (worn)
 h - a +0 shield
Jewellery
 k - a cursed ring of teleportation {unknown}
 s - an uncursed ring of ice {unknown}
 t - an uncursed ring of protection from cold {unknown}
 u - an uncursed ring of wizardry {unknown}
 E - the ring of Xeqips (left claw) {MR+ Dex+2 SInv}
   (You bought it in a shop on level 6 of the Dungeon)

   [ring of see invisible]

   It affects your dexterity (+2).
   It affects your resistance to hostile enchantments.
   It lets you see invisible.
Wands
 g - a wand of random effects (29)
 o - a wand of polymorph (8)
 v - a wand of disintegration (10)
Scrolls
 c - 6 scrolls of remove curse
 d - a scroll of teleportation
 f - a scroll of amnesia {unknown}
 i - a scroll of identify
 j - a scroll of fear
 n - 2 scrolls of blinking {unknown}
 q - a scroll of enchant weapon {unknown}
 x - a scroll of fog {unknown}
 z - a scroll of brand weapon {unknown}
 C - a scroll of magic mapping {unknown}
 D - a scroll of immolation {unknown}
Potions
 e - a potion of heal wounds {unknown}
 l - 5 potions of curing
 m - a potion of degeneration {unknown}
 p - a potion of berserk rage
 r - a potion of magic
 w - a potion of resistance {unknown}
 A - a potion of mutation {unknown}
 B - a potion of invisibility {unknown}
Comestibles
 b - 9 rations


   Skills:
 + Level 6.1(5.9) Fighting
 * Level 2.2(2.1) Maces & Flails
 + Level 4.6(4.4) Dodging
 - Level 1.0(0.8) Stealth
 + Level 5.6(5.4) Unarmed Combat


You had 7 spell levels left.
You didn't know any spells.

Dungeon Overview and Level Annotations

Branches:
Dungeon (7/15)             Temple (1/1) D:4

Altars:
Ashenzari
Cheibriados
Dithmenos
Elyvilon
Gozag
Hepliaklqana
Kikubaaqudgha
Nemelex Xobeh
Okawaru
Qazlal
Ru
Sif Muna
Trog
Uskayaw
Vehumet
Wu Jian
Xom
Yredelemnul
The Shining One

Shops:
D:6 **=(*   D:7 ?


Innate Abilities, Weirdness & Mutations

You are too large for most types of armour.
You have claws for hands.
Your metabolism is lightning-fast.
You like to eat raw meat.
Your natural rate of healing is unusually fast.
You are covered in fur. (AC +1)
You have very tough skin. (AC +2)
Your life essence is reduced to manifest your ancestor. (-10% HP)


Message History

* * * LOW HITPOINT WARNING * * *
You completely miss the orc wizard. The bullfrog zombie misses you.
The orc wizard hits you but does no damage.
The wight hits you with a scimitar.
* * * LOW HITPOINT WARNING * * *
A hungry ghost comes into view.
You whack the orc wizard!
You kill the orc wizard!
The bullfrog zombie hits you.
* * * LOW HITPOINT WARNING * * *
You hit the wight but do no damage.
The bullfrog zombie hits you but does no damage.
The hungry ghost moves out of view.
The wight closely misses you.
You hit the wight.
The wight is lightly damaged.
The bullfrog zombie closely misses you.
You whack the wight! You claw the wight.
The wight is almost destroyed.
The wight closely misses you. The bullfrog zombie hits you.
You die...

..#####
#.#.... ......
# #....
.##.#....
.##...... .#
#..zz#### ##.
#.zz@)# #..
#####Z## #.#
.# #.oo#
#####.####.#
#...#
.........#.##
#...#
#........#..##
#.W.#
#.#.#....#...#
#...######
...........#
###.......∩.
#.#...#..#.+
+.#....###..


You could see a hungry ghost, 4 wights, an orc priest, an orc and a bullfrog
zombie.

Vanquished Creatures
  An ice beast (D:6)
  An ogre (D:6)
  A scorpion (D:4)
  2 crimson imps
  3 orc priests
  2 hounds
  A bullfrog skeleton (D:5)
  A centaur skeleton (D:5)
  3 orc wizards
  3 worker ants
  A howler monkey skeleton (D:5)
  5 gnolls
  10 adders
  A shadow imp (D:6)
  An adder zombie (D:6)
  2 dart slugs
  3 leopard geckos
  17 orcs
  2 ball pythons
  9 bats
  3 giant cockroaches
  4 goblins
  9 hobgoblins
  3 jackals (D:2)
  7 kobolds
  5 quokkas
  3 frilled lizards
  A leopard gecko skeleton (D:5)
  9 rats
  2 fungi (D:2)
115 creatures vanquished.

Vanquished Creatures (collateral kills)
  An ogre (D:5)
  A sky beast (D:6)
  A bullfrog (D:7)
  A hound (D:4)
  A worker ant (D:6)
  A hound zombie (D:5)
  A gnoll (D:5)
  An adder skeleton (D:5)
  2 worms
  3 orcs (D:4)
  A ball python (D:3)
  A quokka (D:3)
  A frilled lizard (D:3)
  A leopard gecko skeleton (D:5)
  A rat (D:3)
18 creatures vanquished.

Vanquished Creatures (others)
  A hexer (D:7)
1 creature vanquished.

Grand Total: 134 creatures vanquished

Notes
Turn   | Place    | Note
-------+----------+-------------------------------------------
     0 | D:1      | RoseArtemis the Troll Monk began the quest for the Orb.
     0 | D:1      | Reached XP level 1. HP: 22/22 MP: 0/0
   110 | D:1      | Reached XP level 2. HP: 29/29 MP: 1/1
   718 | D:2      | Reached skill level 3 in Fighting
   718 | D:2      | Reached XP level 3. HP: 36/37 MP: 2/2
   999 | D:2      | Reached XP level 4. HP: 45/45 MP: 3/3
  1464 | D:2      | Found a hazy altar of Hepliaklqana.
  1466 | D:2      | Found a deep blue altar of Sif Muna.
  1484 | D:2      | Became a worshipper of Hepliaklqana the Forgotten
  1484 | D:2      | Reached * piety under Hepliaklqana
  1484 | D:2      | Reached ** piety under Hepliaklqana
  1701 | D:3      | Reached XP level 5. HP: 48/48 MP: 4/4
  1752 | D:3      | Reached skill level 4 in Fighting
  1931 | D:3      | Found a glowing golden altar of the Shining One.
  2697 | D:4      | Found a shadowy altar of Dithmenos.
  2788 | D:4      | Reached XP level 6. HP: 56/56 MP: 5/5
  3235 | D:4      | Found a staircase to the Ecumenical Temple.
  3283 | Temple   | Entered the Ecumenical Temple
  3554 | D:5      | Entered Level 5 of the Dungeon
  3613 | D:5      | Reached skill level 5 in Fighting
  3613 | D:5      | Reached XP level 7. HP: 49/64 MP: 6/6
  3745 | D:5      | Reached *** piety under Hepliaklqana
  3754 | D:5      | Got a crude whip
  3807 | D:5      | Reached skill level 5 in Unarmed Combat
  4332 | D:6      | Found Gudwetta's Weapon Shop.
  4354 | D:6      | Reached skill level 1 in Maces & Flails
  4451 | D:6      | Reached XP level 8. HP: 68/74 MP: 7/7
  4516 | D:6      | Found Qeawiu's Jewellery Emporium.
  4523 | D:6      | Reached skill level 6 in Fighting
  4525 | D:6      | Bought the ring of Xeqips {MR+ Dex+2 SInv} for 381 gold pieces
  4577 | D:6      | Found Qesaar's General Store.
  4698 | D:6      | Bought a scroll of identify for 26 gold pieces
  4698 | D:6      | Bought a scroll of identify for 26 gold pieces
  4698 | D:6      | Identified the cursed +1 whip of Distraction {slash, rC++} (You found it on level 5 of the Dungeon)
  4701 | D:6      | Remembered your ancestor Sam as a hexer
  4746 | D:6      | Found Zutoph's General Store.
  4784 | D:6      | Found Wushaugi's General Store.
  5015 | D:7      | Found Pepoke's Magic Scroll Emporium.
  5049 | D:7      | HP: 5/111 [wight/scimitar (6)]
  5050 | D:7      | HP: 1/111 [bullfrog zombie (4)]
  5053 | D:7      | Slain by a bullfrog zombie

Vault maps used:
D:1:      minmay_arrival_stair_chambers
D:2:      chequers_temple_overflow_statue_of_worship, minmay_gold_behind_fungi
D:3:      kennysheep_big_flooded_room, st_stairs_3,
          nicolae_tso_swordbearing_angel
D:4:      lemuel_crystal_altar, temple_doors_e
D:5:      first_ration
D:6:      serial_shops, kennysheep_little_box, nicolae_shop_window_shopping,
          nicolae_shop_window_shopping, shop, nicolae_shop_crystal,
          nrook_pool_corridor
D:7:      zin_purify, serial_shops, shop, kennysheep_mini, shop,
          vehumet_altar_wand_db
Temple:   eino_temple_scatter_basement

Skill      XL: |  1  2  3  4  5  6  7  8 |
---------------+-------------------------+-----
Fighting       | 3 4 5 6 |  6.1
Dodging        | 3 4 |  4.6
Unarmed Combat | 4 5 |  5.6
Maces & Flails | 1 2 |  2.2
Stealth        | |  1.0

Action                   |  1- 3 |  4- 6 |  7- 9 || total
-------------------------+-------+-------+-------++-------
Melee: Unarmed           |    64 |   184 |    82 ||   330
       Punch             |     1 |     2 |     5 ||     8
       Whip              |       |       |    32 ||    32
Invok: Ancestor Life: He |       |       |     1 ||     1
       Ancestor Identity |       |       |     1 ||     1
  Use: Scroll            |       |     1 |     7 ||     8
       Potion            |       |       |     3 ||     3
 Stab: Sleeping          |     1 |     2 |     1 ||     4
       Distracted        |       |     1 |       ||     1
  Eat: Chunk             |    10 |    20 |    12 ||    42
       Ration            |       |     1 |       ||     1
Armor: Robe              |    23 |    60 |    30 ||   113
Dodge: Dodged            |    30 |    88 |    60 ||   178

Table legend:
 A = Spawn XP
 B = Non-spawn XP
 C = Spawn XP percentage of total XP
 D = Spawn monster count
 E = Non-spawn monster count
 F = Spawn count percentage of total count
 G = Total turns spent on level
                    A         B        C        D         E        F      G
               +---------+---------+-------+---------+---------+-------+---------
         Total |       0 |    1788 |   0.0 |       0 |     131 |   0.0 |  5053
               +---------+---------+-------+---------+---------+-------+---------
           D:1 |       0 |      29 |   0.0 |       0 |      17 |   0.0 |   686
           D:2 |       0 |     114 |   0.0 |       0 |      31 |   0.0 |   894
           D:3 |       0 |     200 |   0.0 |       0 |      32 |   0.0 |   995
           D:4 |       0 |     260 |   0.0 |       0 |      14 |   0.0 |   794
           D:5 |       0 |     517 |   0.0 |       0 |      24 |   0.0 |   744
           D:6 |       0 |     486 |   0.0 |       0 |       9 |   0.0 |   656
           D:7 |       0 |     182 |   0.0 |       0 |       4 |   0.0 |    99
               +---------+---------+-------+---------+---------+-------+---------
